Map: [ESL] Alcyone

Players

Nice

  • Race: Protoss Protoss
  • Spawn Location: 7:00

Cyan - Winner!

  • Race: Protoss Protoss
  • Spawn Location: 1:00

Event: ESL SC2 Masters 2023 Winter (Regional)

VOD

Have the link to the VOD?

Description

Time

  • Played on: Nov. 9, 2023, 7:06 a.m.
  • Length: 6:25

All games in this series

Show
View Real Time Build Order
Export as new Build Order

Nice Protoss 

Build Orders: Oracle Opening 

Get SALT Encoding   

  12  0:00  Probe  
  13  0:12  Probe  
  14  0:17  Pylon  
  14  0:24  Probe  
  15  0:36  Gateway  
  15  0:37  Probe (Chrono Boost)  
  16  0:46  Probe (Chrono Boost)  
  16  0:47  Assimilator  
  17  0:51  Probe (Chrono Boost)  
  17  0:55  Assimilator  
  18  1:03  Probe (Chrono Boost)  
  19  1:09  Gateway  
  19  1:15  Probe (Chrono Boost)  
  20  1:20  Probe (Chrono Boost)  
  21  1:25  Cybernetics Core  
  21  1:31  Probe  
  22  1:43  Probe  
  22  1:44  Pylon  
  23  2:02  Stargate  
  23  2:04  Adept x2  
  27  2:11  Warp Gate  
  27  2:23  Pylon  
  27  2:24  Probe  
  28  2:37  Stalker  
  32  2:50  Oracle (Chrono Boost)  
  31  2:59  Stalker  
  30  3:17  Probe  
  27  3:29  Shield Battery, Probe  
  28  3:35  Oracle (Chrono Boost)  
  31  3:41  Probe  
  32  3:53  Probe  
  33  3:59  Nexus  
  33  4:00  Pylon  
  33  4:05  Probe  
  32  4:17  Probe (Chrono Boost), Stalker  
  33  4:31  Robotics Facility  
  33  4:33  Probe (Chrono Boost)  
  34  4:38  Probe (Chrono Boost)  
  34  4:39  Stalker  
  37  4:49  Probe  
  38  4:55  Shield Battery  
  38  4:59  Stalker  
  40  5:06  Stalker  
  42  5:21  Immortal (Chrono Boost)  
  42  5:32  Stalker  
  45  6:00  Gateway  
  46  6:04  Pylon  
Show
View Real Time Build Order
Export as new Build Order

Cyan Protoss - Winner!

Build Orders:  

Get SALT Encoding   

  12  0:00  Probe  
  13  0:12  Probe  
  14  0:17  Pylon  
  14  0:24  Probe (Chrono Boost)  
  15  0:36  Probe (Chrono Boost)  
  15  0:39  Gateway  
  16  0:45  Probe (Chrono Boost)  
  16  0:48  Assimilator  
  17  0:51  Probe  
  17  0:55  Assimilator  
  18  1:03  Probe (Chrono Boost)  
  19  1:09  Gateway  
  19  1:14  Probe (Chrono Boost)  
  20  1:18  Probe (Chrono Boost)  
  21  1:27  Cybernetics Core  
  21  1:29  Probe  
  22  1:35  Pylon  
  22  1:41  Probe  
  23  2:03  Robotics Facility  
  23  2:05  Warp Gate, Adept x2  
  27  2:11  Pylon  
  27  2:35  Stalker x2  
  31  2:37  Probe  
  32  2:51  Warp Prism (Chrono Boost)  
  32  2:58  Shield Battery  
  32  3:24  Observer (Chrono Boost)  
  32  3:25  Probe  
  32  3:27  Gateway  
  32  3:33  Twilight Council  
  32  3:37  Immortal (Chrono Boost)  
  36  3:53  Adept  
  38  3:57  Pylon  
  38  4:01  Adept  
  39  4:08  Pylon  
  39  4:10  Blink (Chrono Boost)  
  39  4:42  Stalker x2  
  39  4:43  Stalker  
  45  5:10  Stalker x3  
  51  5:15  Pylon  
  48  5:21  Probe  
  46  5:33  Probe  
  47  5:39  Stalker x2  
  51  5:43  Stalker  
  54  5:50  Probe  
  54  6:02  Sentry, Probe  
  57  6:07  Pylon  
Tags
 
Add a new tag
Caveats
  • Supply blocks, unpowered buildings, or Contaminate may cause inaccurate times.
  • Supply counts are checked every 10 seconds.